 Dungeon Crawl Stone Soup version 0.20-a0-993-gba41c3c (webtiles) character file.

11 Leszczynek the Caller (level 2, 0/24 HPs)
             Began as an Ogre Summoner on Apr 11, 2017.
             Slain by a hobgoblin
             ... wielding a +0 club
              (4 damage)
             ... on level 2 of the Dungeon.
             The game lasted 00:02:32 (483 turns).

Leszczynek the Caller (Ogre Summoner)                Turns: 483, Time: 00:02:33

Health: 0/24       AC:  3    Str: 11    XL:     2   Next: 25%
Magic:  4/5        EV: 10    Int: 16    God:
Gold:   97         SH:  0    Dex:  9    Spells: 4/5 levels left

rFire    . . .     SeeInvis .   h - +0 short sword
rCold    . . .     Gourm    .   (no shield)
rNeg     . . .     Faith    .   a - +0 robe
rPois    .         Spirit   .   (helmet restricted)
rElec    .         Reflect  .   (no cloak)
rCorr    .         Harm     .   (gloves unavailable)
MR       .....                  (boots unavailable)
Stlth    +.........             (no amulet)
Regen    0.1/turn               (no ring)
MPRegen  0.1/turn               (no ring)

@: no status effects
A: unfitting armour, tough skin 1
a: no special abilities


You were on level 2 of the Dungeon.
You were not hungry.

You visited 1 branch of the dungeon, and saw 4 of its levels.

You collected 97 gold pieces.

Inventory:

Hand Weapons
 h - a +0 short sword (weapon)
Armour
 a - a +0 robe (worn)
Scrolls
 c - a scroll of noise {unknown}
 e - a scroll of fog {unknown}
 f - a scroll of identify {unknown}
Books
 b - a book of Callings

   Spells                             Type                      Level
   a - Summon Small Mammal            Summoning                    1
   b - Call Imp                       Summoning                    2
   c - Call Canine Familiar           Summoning                    3
   d - Summon Guardian Golem          Hexes/Summoning              3
   e - Summon Lightning Spire         Summoning/Air                4
   f - Summon Ice Beast               Ice/Summoning                4
Comestibles
 d - a bread ration
 g - 5 chunks of flesh


   Skills:
 - Level 1.7 Dodging
 - Level 1.4 Stealth
 + Level 1.5 Unarmed Combat
 - Level 2.4 Spellcasting
 - Level 3.6 Summonings


You had 4 spell levels left.
You knew the following spells:

 Your Spells              Type           Power        Failure   Level  Hunger
a - Summon Small Mammal   Summ           ##..         6%          1    #......


Dungeon Overview and Level Annotations

Branches:
Dungeon (4/15)
 Temple: D:4-7

Altars:


Innate Abilities, Weirdness & Mutations

You are too large for most types of armour.
You have tough skin. (AC +1)


Message History

Your bat hits the hobgoblin. The hobgoblin hits you with a club.
You closely miss the hobgoblin.
The hobgoblin is moderately wounded.
Your bat closely misses the hobgoblin.
The hobgoblin barely misses you.
You hit the hobgoblin.
The hobgoblin is almost dead.
Your bat hits the hobgoblin but does no damage.
The hobgoblin hits you with a club.
You barely miss the hobgoblin.
The hobgoblin is almost dead.
Your bat hits the hobgoblin but does no damage.
The hobgoblin barely misses you.
You closely miss the hobgoblin.
The hobgoblin is almost dead.
Your bat closely misses the hobgoblin.
The hobgoblin hits you with a club!
* * * LOW HITPOINT WARNING * * *
You hit the hobgoblin but do no damage.
The hobgoblin is almost dead.
Your bat barely misses the hobgoblin.
The hobgoblin hits you with a club.
You die...

#### #.# #######.#.#.# ..<#
#.# #.#.#.# ########.#
#.#.รท.# .........##
######.#.###.#..
.........................>..
########...#######...###.#..
...........'....b........r.
..######...###........##.#.
..# #...# #%.@g....# ..#
#...# #.......$... ..# #...#
#######...... ..# #......
..# ...... ..# ......


You could see a hobgoblin and a friendly bat.

Vanquished Creatures
  A bat (D:2)
  2 hobgoblins (D:2)
  2 rats (D:2)
5 creatures vanquished.

Vanquished Creatures (collateral kills)
  A leopard gecko (D:3)
  A bat (D:3)
  A giant cockroach (D:1)
  A quokka (D:3)
  A ball python (D:2)
  A kobold (D:2)
6 creatures vanquished.

Grand Total: 11 creatures vanquished

Notes
Turn   | Place    | Note
-------+----------+-------------------------------------------
     0 | D:1      | Leszczynek the Ogre Summoner began the quest for the Orb.
     0 | D:1      | Reached XP level 1. HP: 16/16 MP: 3/3
   233 | D:3      | Reached skill level 1 in Unarmed Combat
   267 | D:4      | Noticed a hound
   378 | D:2      | Reached XP level 2. HP: 8/24 MP: 1/5
   483 | D:2      | Slain by a hobgoblin

Vault maps used:
D:1:      mrwooster_arrival_statue_2
D:2:      first_bread
D:4:      overflow_temple_1_default, nemelex_xobeh_ov_fountains_minmay,
          minivault_26, nrook_loot_triangle

Skill      XL: |  1 |
---------------+----+-----
Unarmed Combat | 1 |  1.5
Dodging        | |  1.7
Stealth        | |  1.4
Spellcasting   | |  2.4
Summonings     | |  3.6

Action                   || total
-------------------------++-------
Melee: Unarmed           ||    31
       Short sword       ||    11
 Cast: Summon Small Mamm ||    12
Armor: Robe              ||    13
Dodge: Dodged            ||    18
